 Dungeon Crawl Stone Soup version 0.29-a0-719-g0fec994a2d (webtiles) character file.

Game seed: 11888498287199445893

95718 Essalna the Fighter (level 15, -7/139 HPs)
             Began as a Black Draconian Conjurer on June 27, 2022.
             Was a High Priest of Vehumet.
             Mangled by a vault guard
             ... wielding a +3 battleaxe
              (15 damage)
             ... on level 13 of the Dungeon.
             The game lasted 01:20:42 (31829 turns).

Essalna the Fighter (Black Draconian Conjurer)     Turns: 31829, Time: 01:20:42

Health: -7/139     AC: 15    Str: 11    XL:     15   Next: 67%
Magic:  0/41       EV: 18    Int: 27    God:    Vehumet [*****.]
Gold:   1890       SH:  6    Dex: 16    Spells: 23/40 levels left

rFire   + . .      SeeInvis .   v - +7 spear "Bywogeth" {flame, rC+}
rCold   + + +      Faith    .   O - +1 buckler of Anaesthesia {rC+ rN+}
rNeg    + . .      Spirit   .   (body armour unavailable)
rPois   +          Reflect  .   i - +1 hat of the Wheelwright {rF+ rCorr Int+3}
rElec   +          Harm     .   q - +0 cloak
rCorr   +          Rampage  .   Q - +1 Delatra's gloves {ID++}
Will    +....                   u - +1 pair of boots
Stlth   ++........              I - amulet of magic regeneration
HPRegen 0.33/turn               y - ring of magical power
MPRegen 0.67/turn               a - ring of Nonob {rPois rC+ Dex+6}

@: flying, studying Throwing
A: breathe lightning, AC +9, unfitting armour, big wings, electricity
resistance, cold-blooded
a: Breathe Lightning, Renounce Religion


You were on level 13 of the Dungeon.
You worshipped Vehumet.
Vehumet was extremely pleased with you.
You visited 4 branches of the dungeon, and saw 22 of its levels.
You visited the Abyss 1 time.
You also visited: Sewer, Ossuary, Gauntlet and Ice Cave.

You collected 2190 gold pieces.
You spent 300 gold pieces at shops.

Inventory:

Hand Weapons
 v - the +7 spear "Bywogeth" (weapon) {flame, rC+}
   (You found it on level 5 of the Dungeon)

   It burns those it strikes, dealing additional fire damage.
   rC:        It protects you from cold.
Missiles
 H - 2 throwing nets
Armour
 i - the +1 hat of the Wheelwright (worn) {rF+ rCorr Int+3}
   (You acquired it on level 8 of the Dungeon)

   Int:       It affects your intelligence (+3).
   rF:        It protects you from fire.
   rCorr:     It protects you from acid and corrosion.
 q - a +0 cloak (worn)
 u - a +1 pair of boots (worn)
 O - the +1 buckler of Anaesthesia (worn) {rC+ rN+}
   (You acquired it on level 1 of the Lair of Beasts)

   rC:        It protects you from cold.
   rN:        It protects you from negative energy.
 Q - the +1 Delatra's gloves (worn) {ID++}
   (You found it in a Gauntlet)

   It heals its wearer when they drink unknown potions.
   It restores its wearer's MP when they read unknown scrolls.
 R - the +1 pair of gloves of Gravitas {Contam Harm rC+++ Regen+}
   (You found it on level 3 of the Lair of Beasts)

   rC:        It renders you almost immune to cold.
   Contam:    It causes magical contamination when unequipped.
   Regen:     It increases your rate of health regeneration.
   Harm:      It increases damage dealt and taken.
Magical Staves
 k - a staff of cold
 E - a staff of death
Jewellery
 a - the ring of Nonob (right hand) {rPois rC+ Dex+6}
   (You took it off a gnoll sergeant on level 6 of the Dungeon)

   [ring of dexterity]

   Dex:       It affects your dexterity (+6).
   rC:        It protects you from cold.
   rPois:     It protects you from poison.
 e - the ring "Yjoibb" {Will- AC+4 Str+3 Stlth+}
   (You found it in a Gauntlet)

   [ring of protection]

   AC:        It affects your AC (+4).
   Str:       It affects your strength (+3).
   Will:      It decreases your willpower.
   Stlth:     It makes you more stealthy.
 f - an amulet of regeneration
 o - a ring of protection from fire
 y - a ring of magical power (left hand)
 I - an amulet of magic regeneration (around neck)
 N - the ring "Guhyfru" {rF++ rC+ Will++ Dex-4}
   (You found it in an ice cave)

   [ring of protection from cold]

   Dex:       It affects your dexterity (-4).
   rF:        It greatly protects you from fire.
   rC:        It protects you from cold.
   Will:      It greatly increases your willpower.
 P - a +6 ring of dexterity
 W - an amulet of reflection
Wands
 n - a wand of iceblast (22)
 M - a wand of light (15)
 S - a wand of polymorph (3)
 V - a wand of mindburst (6)
Scrolls
 c - 10 scrolls of teleportation
 j - 5 scrolls of fog
 l - 3 scrolls of vulnerability
 p - a scroll of magic mapping
 t - a scroll of poison
 x - 6 scrolls of fear {unknown}
 B - 12 scrolls of identify
 C - 3 scrolls of enchant weapon
 F - 4 scrolls of enchant armour {unknown}
 K - a scroll of summoning
 L - a scroll of torment {unknown}
 X - a scroll of blinking {unknown}
 Y - a scroll of amnesia {unknown}
Potions
 b - 8 potions of curing
 d - 2 potions of lignification
 g - 3 potions of mutation
 h - 3 potions of brilliance {unknown}
 m - 3 potions of flight {unknown}
 r - 2 potions of invisibility
 s - 9 potions of degeneration
 w - 2 potions of resistance
 z - 2 potions of attraction {unknown}
 A - 11 potions of heal wounds {unknown}
 D - 4 potions of might {unknown}
 T - 3 potions of magic
 U - a potion of haste {unknown}
 Z - a potion of berserk rage


   Skills:
 + Level 14.7 Fighting
 + Level 12.1 Dodging
 - Level 2.0 Stealth
 - Level 4.0 Shields
 + Level 13.1 Spellcasting
 + Level 14.6 Conjurations
 - Level 7.1 Translocations
 + Level 6.2 Air Magic


You had 23 spell levels left.
You knew the following spells:

 Your Spells              Type           Power      Damage    Failure   Level
a - Magic Dart            Conj           100%       1d8       0%          1
b - Searing Ray           Conj           100%       2d8       0%          2
c - Iskenderun's Mystic   Conj/Tloc      66%        2d14      1%          4
d - Lightning Bolt        Conj/Air       32%        1d50      1%          5
e - Iskenderun's Battles  Conj           77%        2d13      1%          5

Your spell library contained the following spells:

 Spells                   Type           Power      Damage    Failure   Level
 Poisonous Vapours        Pois/Air       68%        N/A       1%          2
 Dazzling Flash           Conj/Hex       100%       N/A       1%          3
 Gell's Gravitas          Tloc           54%        N/A       1%          3
 Mephitic Cloud           Conj/Pois/Air  53%        N/A       1%          3
 Teleport Other           Tloc           54%        N/A       1%          3
 Airstrike                Air            25%        N/A       1%          4
 Fulminant Prism          Conj/Hex       27%        3d14      1%          4
 Fireball                 Conj/Fire      27%        3d12      1%          5
 Irradiate                Conj/Tmut      27%        3d22      1%          5
 Call Imp                 Summ           17%        N/A       6%          2
 Sublimation of Blood     Necr           17%        N/A       6%          2
 Wereblood                Tmut           17%        N/A       6%          2
 Starburst                Conj/Fire      27%        6d9       9%          6
 Summon Lightning Spire   Summ/Air       34%        N/A       11%         4
 Ozocubu's Armour         Ice            17%        N/A       12%         3
 Corpse Rot               Necr/Pois/Air  28%        N/A       17%         4
 Lee's Rapid Deconstruct  Erth           8%         3d8*      28%         5
 Dispersal                Tloc           27%        N/A       32%         6
 Petrify                  Tmut/Erth      17%        N/A       36%         4
 Ozocubu's Refrigeration  Ice            8%         4d6       99%         7
 Summon Hydra             Summ           8%         N/A       100%        7
 Ignition                 Fire           8%         3d5       100%        8


Dungeon Overview and Level Annotations

Branches:
Dungeon (13/15)            Temple (1/1) D:4            Lair (6/6) D:11
 Shoals (0/4) Lair:4       Spider (0/4) Lair:2        Slime (0/5) Lair:6
    Orc (2/2) D:11            Elf (0/3) Orc:2         Sewer (visited)
Ossuary (visited)           IceCv (visited)         Gauntlet (visited)
 Vaults: D:13-14

Altars:
Ashenzari
Cheibriados
Dithmenos
Elyvilon
Fedhas
Gozag
Hepliaklqana
Kikubaaqudgha
Makhleb
Nemelex Xobeh
Okawaru
Qazlal
Ru
Sif Muna
Trog
Uskayaw
Vehumet
Wu Jian
Xom
Yredelemnul
Zin
The Shining One
Jiyva
Lugonu

Shops:
D:1 [(=(*   D:3 [   D:4 *   D:10 *   Orc:2 [!*[=

Portals:
Abyss: Lair:6
Pandemonium: Orc:2

Annotations:
D:10 1 runed translucent door, Dritkant's ghost, journeyman GrHu
Lair:6 2 transporters, Buamnacw's ghost, journeyman DjFE


Innate Abilities, Weirdness & Mutations

You can breathe wild blasts of lightning.
Your glossy black scales are hard. (AC +9)
You cannot fit into any form of body armour.
Your large and strong wings let you fly.
You are resistant to electric shocks. (rElec)
You are cold-blooded and may be slowed by cold attacks.


Message History

Okay, then.
A vault guard comes into view. It is wielding a +3 battleaxe.
Casting: Lightning Bolt (mildly dangerous; 1% risk of failure)
Confirm with . or Enter, or press ? or * to list all spells.
Aiming: Lightning Bolt (mildly dangerous; 1% risk of failure)
Press: ? - help, Shift-Dir - straight line, f - vault guard
Aim: a vault guard, wielding a +3 battleaxe and wearing a +0 chain mail (60% to hit)
You hear a mighty clap of thunder!
The bolt of lightning misses the vault guard.
You hear a shout!
Casting: Lightning Bolt (mildly dangerous; 1% risk of failure)
Confirm with . or Enter, or press ? or * to list all spells.
Aiming: Lightning Bolt (mildly dangerous; 1% risk of failure)
Press: ? - help, Shift-Dir - straight line, f/p - vault guard
Aim: a vault guard, wielding a +3 battleaxe and wearing a +0 chain mail (60% to hit)
You hear a mighty clap of thunder!
The bolt of lightning hits the vault guard!!!
The vault guard is heavily wounded.
You hear a shout!
The vault guard hits you with a +3 battleaxe!
* * * LOW HITPOINT WARNING * * *
Casting: Lightning Bolt (mildly dangerous; 1% risk of failure)
Confirm with . or Enter, or press ? or * to list all spells.
Aiming: Lightning Bolt (mildly dangerous; 1% risk of failure)
Press: ? - help, Shift-Dir - straight line, f/p - vault guard
Aim: a vault guard, wielding a +3 battleaxe and wearing a +0 chain mail (heavily wounded, 60% to hit)
You hear a mighty clap of thunder!
The bolt of lightning misses the vault guard.
You hear a shout!
The vault guard barely misses you.
Casting: Lightning Bolt (mildly dangerous; 1% risk of failure)
Confirm with . or Enter, or press ? or * to list all spells.
Aiming: Lightning Bolt (mildly dangerous; 1% risk of failure)
Press: ? - help, Shift-Dir - straight line, f/p - vault guard
Aim: a vault guard, wielding a +3 battleaxe and wearing a +0 chain mail (heavily wounded, 60% to hit)
You hear a mighty clap of thunder!
The bolt of lightning hits the vault guard!
The vault guard is severely wounded.
The vault guard hits you with a +3 battleaxe!
You die...

### ### ### #.# #.#
#.#
##.########.########.#
................@p...#
##.###......########.#
#.###.####### #.#
#..................)#
#.###.#########......
#.# #....# #....)..
#.# #....# #........
#.# #....# #..........
#.# #....#
#...........


You could see a vault guard.

Vanquished Creatures
  Rupert (Lair:5)
  The ghost of Ewics the Slicer, a journeyman MfBr of Uskayaw (Lair:5)
  A minotaur (Gauntlet)
  An ogre mage (D:13)
  The ghost of capka3m the Thaumaturge, a journeyman MeEE of Cheibriados (Lair:1)
  Erolcha (D:9)
  9 hydras
  3 demonspawn (Orc:2)
  Erica (Orc:1)
  A centaur warrior (D:13)
  7 two-headed ogres
  7 death yaks
  2 death scarabs (Gauntlet)
  4 thrashing horrors (Lair:6)
  4 orc high priests (Orc:2)
  Urug (Lair:2)
  A fire crab (D:12)
  A spectral death yak (Gauntlet)
  A flayed ghost (D:13)
  A sixfirhy (Orc:2)
  2 bog bodies (IceCv)
  Pikel (D:7)
  A deep elf pyromancer (D:12)
  6 orc knights
  An ugly thing (Lair:6)
  8 orc sorcerers (Orc:2)
  2 manticores
  A mana viper (shapeshifter) (Lair:6)
  2 cyclopes
  A merfolk siren (Lair:4)
  Joseph (D:7)
  An eye of devastation (Gauntlet)
  4 smoke demons
  2 black mambas
  A guardian serpent (D:12)
  A gargoyle (D:10)
  An ice statue (IceCv)
  A kobold demonologist (D:13)
  16 cane toads
  2 rime drakes
  An unseen horror (D:10)
  Psyche (D:9)
  Maggie (D:6)
  2 anaconda simulacra (IceCv)
  14 komodo dragons
  An entropy weaver simulacrum (IceCv)
  2 ancient zymes (Lair:6)
  3 ice devils
  5 trolls
  3 polar bears
  23 blink frogs
  6 slime creatures (D:12)
  Prince Ribbit (D:9)
  11 dream sheep
  A spectral dream sheep (Gauntlet)
  A spectral black mamba (Gauntlet)
  5 flying skulls (Gauntlet)
  3 jumping spiders (Lair:2)
  A spriggan (Lair:6)
  A wraith (D:10)
  2 shadows
  4 culicivoras (Lair:2)
  4 wyverns
  A dire elephant simulacrum (IceCv)
  63 yaks
  A ynoxinul (Lair:6)
  A human (shapeshifter) (Lair:6)
  2 chaos spawn
  A steam dragon (D:9)
  Grum (D:9)
  7 small abominations (Lair:6)
  3 redbacks (Lair:2)
  2 vampire mosquitoes (D:12)
  3 death yak simulacra (IceCv)
  8 basilisks
  2 wargs
  A spectral cane toad (Gauntlet)
  2 floating eyes (Gauntlet)
  20 water moccasins
  Duvessa (D:6)
  An acid dragon (D:13)
  28 orc warriors
  Pargi (Sewer)
  A black bear (shapeshifter) (D:13)
  37 wolves
  7 centaurs
  4 ogres
  A boggart (D:10)
  2 lemures (D:7)
  A phantom (D:5)
  A kobold brigand (D:10)
  11 bullfrogs
  A gnoll sergeant (D:6)
  5 two-headed ogre simulacra (IceCv)
  A necrophage (D:8)
  4 cane toad simulacra
  3 scorpions
  5 wights (D:7)
  Dowan (D:6)
  8 killer bees
  3 elephant simulacra (IceCv)
  A howler monkey (D:9)
  7 electric eels
  2 lava snakes (Lair:6)
  6 hounds
  A human zombie (Ossuary)
  A centaur zombie (Ossuary)
  4 jellies
  Crazy Yiuf (D:2)
  26 orc priests
  2 iguanas
  Jessica (D:2)
  3 gnoll shamans
  19 orc wizards
  5 troll simulacra (IceCv)
  2 polar bear simulacra
  8 spriggan simulacra (IceCv)
  2 wolf simulacra
  5 mummies
  18 gnolls
  9 adders
  6 naga simulacra (IceCv)
  3 shadow imps
  6 white imps
  4 ufetubi (IceCv)
  2 worms
  A dart slug (D:3)
  59 orcs
  10 endoplasms
  3 giant cockroaches
  7 hobgoblins
  9 quokkas
  11 ball pythons
  10 bats
  6 frilled lizards
  4 goblins
  2 hobgoblin zombies (Ossuary)
  10 kobolds
  3 kobold zombies (Ossuary)
  An orc zombie (Ossuary)
  6 rats
731 creatures vanquished.

Vanquished Creatures (others)
  3 bushes (Lair:6)
  45 fungi
  24 plants
  16 withered plants (Gauntlet)
88 creatures vanquished.

Grand Total: 819 creatures vanquished

Notes
Turn   | Place    | Note
-------+----------+-------------------------------------------
     0 | D:1      | Essalna the Draconian Conjurer began the quest for the Orb.
     0 | D:1      | Reached XP level 1. HP: 14/14 MP: 3/3
   156 | D:1      | Found Zuhoib's Antique Weapon Shoppe.
   515 | D:1      | Reached XP level 2. HP: 20/20 MP: 0/5
   817 | D:1      | Found Meelonus's Jewellery Boutique.
   863 | D:1      | Found Qisapt's Assorted Antiques.
   897 | D:1      | Found a faded altar of an unknown god.
  1033 | D:1      | Found Offixt's Antique Weapon Emporium.
  1060 | D:1      | Learned a level 2 spell: Searing Ray
  1365 | D:1      | Found Merghocutt's Armour Shop.
  1553 | D:2      | Noticed Jessica
  1558 | D:2      | Killed Jessica
  1559 | D:2      | Reached XP level 3. HP: 26/26 MP: 0/7
  1847 | D:3      | Reached XP level 4. HP: 29/33 MP: 1/8
  1880 | D:3      | Reached skill level 5 in Conjurations
  1883 | D:3      | Found a glowing drain.
  1891 | Sewer    | Entered a sewer
  2011 | Sewer    | Noticed Pargi
  2035 | Sewer    | Killed Pargi
  2036 | Sewer    | Reached XP level 5. HP: 7/38 MP: 1/10
  2616 | D:3      | Found Tuexel's Armour Emporium.
  3373 | D:4      | Found a staircase to the Ecumenical Temple.
  3384 | Temple   | Entered the Ecumenical Temple
  3592 | D:4      | Reached skill level 1 in Fighting
  3592 | D:4      | Reached XP level 6. HP: 47/47 MP: 4/12
  3653 | D:5      | Entered Level 5 of the Dungeon
  3794 | D:4      | Found a blossoming altar of Fedhas.
  4532 | D:2      | Found a runed translucent door.
  4533 | D:2      | Noticed Crazy Yiuf
  4541 | D:2      | Killed Crazy Yiuf
  5161 | D:4      | Found Akhleiwka's General Store.
  5212 | D:4      | Found an ornate altar of the Wu Jian Council.
  5276 | D:4      | Found a hazy altar of Hepliaklqana.
  5339 | D:4      | Your scales start taking on a glossy black colour.
  5339 | D:4      | Reached XP level 7. HP: 32/56 MP: 3/14
  5339 | D:4      | Gained mutation: You are resistant to electric shocks.
                  | (rElec) [Black Draconian growth]
  5915 | D:4      | Found a radiant altar of Vehumet.
  5927 | D:4      | Became a worshipper of Vehumet
  6025 | D:5      | Found a burning altar of Makhleb.
  6038 | D:5      | Identified the +7 spear "Bywogeth" {flame, rC+}
  6069 | D:5      | Reached skill level 5 in Spellcasting
  6686 | D:5      | Reached XP level 8. HP: 60/66 MP: 8/16
  7502 | D:6      | Reached XP level 9. HP: 39/81 MP: 13/21
  7613 | D:6      | Identified the ring of Nonob {rPois rC+ Dex+6}
  7734 | D:6      | Noticed Duvessa
  7741 | D:6      | Killed Duvessa
  7741 | D:6      | Reached * piety under Vehumet
  7741 | D:6      | Offered knowledge of Sandblast by Vehumet.
  7741 | D:6      | Noticed Dowan
  7747 | D:6      | Killed Dowan
  8036 | D:6      | Found a shimmering blue altar of Sif Muna.
  8171 | D:6      | Noticed Maggie
  8179 | D:6      | Killed Maggie
  8320 | D:7      | Noticed Pikel
  8388 | D:7      | Noticed Joseph
  8858 | D:7      | Found a white marble altar of Elyvilon.
  9045 | D:7      | Killed Pikel
  9046 | D:7      | Reached skill level 10 in Conjurations
  9046 | D:7      | Reached XP level 10. HP: 79/90 MP: 22/22
  9140 | D:7      | Killed Joseph
  9153 | D:7      | Learned a level 4 spell: Iskenderun's Mystic Blast
  9446 | D:7      | Found an ancient bone altar of Kikubaaqudgha.
  9447 | D:7      | Found a broken altar of Ashenzari.
  9846 | D:8      | Reached ** piety under Vehumet
  9846 | D:8      | Offered knowledge of Static Discharge by Vehumet.
  9861 | D:8      | Identified a scroll of acquirement
  9861 | D:8      | Acquired the +1 hat of the Wheelwright {rF+ rCorr Int+3}
  9969 | D:8      | Reached skill level 1 in Translocations
 10001 | D:8      | Found a sand-covered staircase.
 10017 | Ossuary  | Entered an ossuary
 10672 | D:8      | Found an iron altar of Okawaru.
 11014 | D:8      | Offered knowledge of Stone Arrow by Vehumet.
 11197 | D:9      | Noticed Erolcha
 11201 | Abyss:1  | Cast into level 1 of the Abyss (Erolcha)
 11227 | D:9      | Escaped the Abyss
 11447 | D:9      | Noticed Prince Ribbit
 11457 | D:9      | Killed Prince Ribbit
 11586 | D:9      | Noticed a two-headed ogre
 11600 | D:9      | Killed a two-headed ogre
 11601 | D:9      | Reached XP level 11. HP: 92/97 MP: 11/24
 11765 | D:9      | Noticed Grum
 11772 | D:9      | Killed Grum
 12065 | D:9      | Reached *** piety under Vehumet
 12402 | D:9      | Found an opulent altar of Gozag.
 12402 | D:9      | Found a sparkling altar of Nemelex Xobeh.
 12624 | D:9      | Found a snail-covered altar of Cheibriados.
 12687 | D:9      | Noticed Psyche
 12692 | D:9      | Killed Erolcha
 12710 | D:9      | Killed Psyche
 12711 | D:9      | Reached skill level 10 in Fighting
 13082 | D:10     | Entered Level 10 of the Dungeon
 13084 | D:10     | Noticed a two-headed ogre
 13097 | D:10     | Killed a two-headed ogre
 13255 | D:10     | Found a runed translucent door.
 13255 | D:10     | Noticed Dritkant's ghost (journeyman GrHu)
 13499 | D:10     | Noticed a two-headed ogre
 13507 | D:10     | Offered knowledge of Mephitic Cloud by Vehumet.
 13507 | D:10     | Killed a two-headed ogre
 13508 | D:10     | Noticed a four-headed hydra
 13510 | D:10     | Noticed a two-headed ogre
 13965 | D:10     | Reached skill level 5 in Translocations
 13968 | D:10     | Noticed a boulder beetle
 13974 | D:10     | Noticed a brown ugly thing
 13974 | D:10     | Noticed a white ugly thing
 13999 | D:11     | Noticed a two-headed ogre
 14054 | D:10     | Reached XP level 12. HP: 73/107 MP: 13/25
 14200 | D:10     | Found Ceev's Elemental Accessories.
 14236 | D:10     | Killed a two-headed ogre
 14464 | D:1      | Bought an amulet of magic regeneration for 300 gold pieces
 14714 | D:10     | Identified the +7 dire flail "Loucw" {holy, rF+ Dex+2
                  | Stlth+}
 14726 | D:10     | Reached skill level 10 in Spellcasting
 14783 | D:10     | Noticed a centaur warrior
 14817 | D:11     | Noticed a two-headed ogre
 14831 | D:11     | Reached **** piety under Vehumet
 14831 | D:11     | Killed a two-headed ogre
 14881 | D:11     | Killed a two-headed ogre
 15086 | D:11     | Noticed a two-headed ogre
 15092 | D:11     | Killed a two-headed ogre
 15092 | D:11     | Offered knowledge of Irradiate by Vehumet.
 15259 | D:11     | Found a staircase to the Lair.
 15363 | D:11     | Found a staircase to the Orcish Mines.
 17055 | D:12     | Noticed a seven-headed hydra
 17064 | D:12     | Killed a seven-headed hydra
 17254 | Lair:1   | Entered Level 1 of the Lair of Beasts
 17380 | Lair:1   | Noticed capka3m's ghost (journeyman MeEE)
 17395 | Lair:1   | Found a frozen archway.
 17417 | IceCv    | Entered an ice cave
 17526 | IceCv    | Reached ***** piety under Vehumet
 17605 | IceCv    | Offered knowledge of Iron Shot by Vehumet.
 17838 | IceCv    | Identified the ring "Guhyfru" {rF++ rC+ Will++ Dex-4}
 18269 | IceCv    | Reached XP level 13. HP: 116/116 MP: 26/27
 19228 | Lair:1   | Found a runed translucent gate.
 19228 | Lair:1   | Found a runed translucent gate.
 19234 | Lair:1   | Found a runed translucent gate.
 19688 | Lair:1   | Killed capka3m's ghost
 19703 | Lair:1   | Acquired the +1 buckler of Anaesthesia {rC+ rN+}
 19800 | Lair:2   | Noticed Urug
 20085 | Lair:2   | Killed Urug
 20254 | Lair:2   | Reached skill level 10 in Dodging
 21200 | Lair:2   | Found a hole to the Spider Nest.
 21438 | Lair:3   | Offered knowledge of Yara's Violent Unravelling by Vehumet.
 21690 | Lair:3   | Found a gate leading to a gauntlet.
 21699 | Gauntlet | Entered a Gauntlet
 21699 | Gauntlet | Found a transporter.
 21699 | Gauntlet | Found a transporter.
 21867 | Gauntlet | Found a transporter.
 21867 | Gauntlet | Found a transporter.
 21893 | Gauntlet | Found a transporter.
 21895 | Gauntlet | Found a large runed translucent door.
 21896 | Gauntlet | Found a large runed translucent door.
 21897 | Gauntlet | Found a transporter.
 21897 | Gauntlet | Found a large runed translucent door.
 21898 | Gauntlet | Found a runed translucent gate.
 21898 | Gauntlet | Found a large runed translucent door.
 21899 | Gauntlet | Found a large runed translucent door.
 21899 | Gauntlet | Found a large runed translucent door.
 21899 | Gauntlet | Found a runed translucent door.
 21900 | Gauntlet | Found a large runed translucent door.
 21901 | Gauntlet | Found a large runed translucent door.
 21903 | Gauntlet | Found a runed translucent gate.
 21903 | Gauntlet | Found a transporter.
 21904 | Gauntlet | Found a transporter.
 21905 | Gauntlet | Found a runed translucent gate.
 21905 | Gauntlet | Found a runed translucent door.
 21909 | Gauntlet | Found a large runed translucent door.
 21909 | Gauntlet | Found a large runed translucent door.
 21910 | Gauntlet | Found a large runed translucent door.
 21911 | Gauntlet | Found a large runed translucent door.
 21967 | Gauntlet | Found a transporter.
 21970 | Gauntlet | Paralysed by a floating eye for 2 turns
 22019 | Gauntlet | Found a transporter.
 22074 | Gauntlet | Found a transporter.
 22076 | Gauntlet | Found a transporter.
 22102 | Gauntlet | Gained mutation: Your large and strong wings let you fly.
                  | [Black Draconian growth]
 22102 | Gauntlet | Reached XP level 14. HP: 95/126 MP: 8/29
 22212 | Gauntlet | Identified the ring "Yjoibb" {Will- AC+4 Str+3 Stlth+}
 22247 | Gauntlet | Found the +1 Delatra's gloves {ID++}
 22247 | Gauntlet | Identified the +5 great sword "Xoineut" {pain, Fly rC-
                  | rCorr Dex-5 SInv}
 22593 | Lair:3   | Identified the +1 pair of gloves of Gravitas {Contam Harm
                  | rC+++ Regen+}
 22877 | Lair:3   | Reached skill level 1 in Shields
 23467 | Lair:4   | Found a staircase to the Shoals.
 24291 | Lair:4   | You are sucked into a shaft and drop 2 floors!
 24291 | Lair:6   | Entered Level 6 of the Lair of Beasts
 24337 | Lair:6   | Found a viscous altar of Jiyva.
 24337 | Lair:6   | Found a staircase to the Slime Pits.
 24644 | Lair:6   | Found a transporter.
 24648 | Lair:6   | Found a transporter.
 24837 | Lair:5   | Learned a level 5 spell: Lightning Bolt
 25005 | Lair:5   | Found a runed translucent door.
 25009 | Lair:5   | Noticed Ewics's ghost (journeyman MfBr)
 25080 | Lair:5   | Reached skill level 1 in Air Magic
 25228 | Lair:5   | Noticed Rupert
 25234 | Lair:5   | Paralysed by Rupert for 4 turns
 25258 | Lair:5   | Paralysed by Rupert for 3 turns
 25271 | Lair:5   | Paralysed by Rupert for 2 turns
 25273 | Lair:5   | Killed Rupert
 25888 | Lair:5   | Killed Ewics's ghost
 26181 | Lair:6   | Offered knowledge of Eringya's Noxious Bog by Vehumet.
 26768 | Lair:6   | Reached XP level 15. HP: 137/138 MP: 18/31
 27067 | Lair:6   | Found a corrupted altar of Lugonu.
 27067 | Lair:6   | Found a one-way gate to the infinite horrors of the Abyss.
 27224 | Lair:6   | Noticed Buamnacw's ghost (journeyman DjFE)
 27772 | Orc:1    | Entered Level 1 of the Orcish Mines
 28097 | Orc:2    | Entered Level 2 of the Orcish Mines
 28097 | Orc:2    | Found Lutyxef's Armour Shop.
 28617 | Orc:2    | Found Banazet's General Store.
 28619 | Orc:2    | Found Qemab's Distillery.
 28624 | Orc:2    | Offered knowledge of Iskenderun's Battlesphere by Vehumet.
 29108 | Orc:2    | Found a staircase to the Elven Halls.
 29463 | Orc:2    | Reached skill level 5 in Air Magic
 30087 | Orc:2    | Found Liemid's Jewellery Shoppe.
 30087 | Orc:2    | Found Sughi's Antique Armour Emporium.
 30088 | Orc:2    | Found a one-way gate leading to the halls of Pandemonium.
 30464 | Orc:2    | Learned a level 5 spell: Iskenderun's Battlesphere
 30626 | Orc:1    | Noticed Erica
 30632 | Orc:1    | Killed Erica
 31277 | D:12     | HP: 6/139 [fire crab] (6)]
 31799 | D:13     | Identified the amulet "Xeugioh" {Faith Stlth+}
 31803 | D:13     | Paralysed by an ogre mage for 5 turns
 31829 | D:13     | Mangled by a vault guard

Illustrated notes

Levels and vault maps discovered:
D:1:      roderic_octagonal_star, layout_basic, ebering_ecumenical_altar_webs,
          serial_shops, nicolae_shop_hallway_plus, nicolae_lakefront_shop,
          nicolae_shop_waterfront, nicolae_shop_advertising_works
          [nicolae_subvault_shop_adworks], shop
D:2:      mumra_celtic_spiral_tile, layout_loops_ring, uniq_crazy_yiuf_cottage,
          uniq_jessica
D:3:      layout_basic, serial_shops, nicolae_shop_behind_doors,
          gup_sewer_entry_pipe
D:4:      layout_cave_pods, nicolae_wu_jian_glorious_leap, fedhas_altar_2,
          nicolae_vehumet_altar_sigil, worldfamousw_hep_ancestral_shrine,
          minmay_temple_entry_antechambers, serial_shops, shop
D:5:      layout_loops_ring, mainiacjoe_overflow_boulevard
D:6:      layout_basic, tgw_sif, uniq_duvessa, uniq_maggie
D:7:      layout_loops_ring, lemuel_coloured_pillars_altar,
          nicolae_overflow_squiral, uniq_pikel, uniq_joseph
D:8:      layout_rooms, mainiacjoe_overflow_concentric_impassable,
          gup_ossuary_entry_pyramid
D:9:      layout_gridville, grunt_temple_overflow_opulence,
          nicolae_overflow_crystal_walls, uniq_psyche, uniq_erolcha,
          uniq_prince_ribbit1, uniq_grum
D:10:     minmay_the_grid_octo_tiled_squarecenter
          [minmay_the_grid_octo_tetromino_candy, minmay_the_grid_octo_horde,
          minmay_the_grid_octo_concentric, minmay_the_grid_octo_toaster,
          minmay_the_grid_square_5x5_megaprize_open,
          minmay_the_grid_square_5x5_shuriken,
          minmay_the_grid_square_5x5_checkered_sparse,
          minmay_the_grid_square_5x5_two_walls_a,
          minmay_the_grid_square_5x5_inverted_slash], layout_gridville,
          hellmonk_ghost_big_iron, minivault_24, nicolae_elemental_shop
D:11:     layout_loops_ring, erik_lair_island
D:12:     layout_grid_maze, grunt_ministairs_10, nrook_guardian_serpent_double
D:13:     minmay_strange_plus, layout_basic, erik_vaults_2,
          minmay_strange_pillars, david_defended_altar_orc
Temple:   dpeg_three_leaves_temple
Lair:1:   layout_regular_city, gammafunk_ghost_split,
          portal_ice_cave_entry_ice_simulacra, serial_bayou_shore_a,
          serial_bayou_shore_b, infiniplex_staircase_pool
Lair:2:   layout_roguey, nicolae_spider_entry_tight_spaces, grunt_megastairs_4,
          uniq_urug
Lair:3:   layout_chaotic_city, gauntlet_entry_generic
Lair:4:   layout_cave_shapes, elwin_shoals_entry_rooms, beast_lair_carwin_2
Lair:5:   layout_cave_pods, hellmonk_ghost_happy_afterlife, beast_lair_carwin_4,
          uniq_rupert
Lair:6:   hellmonk_lair_end_abyssal_woods, layout_cave_pods,
          nicolae_slime_entry_slimehenge, gammafunk_ghost_hive,
          minmay_hedge_maze, nicolae_lair_liquid_snakes, serial_bayou_shore_b
Orc:1:    layout_diamond_mine, uniq_erica
Orc:2:    pf_orc_diabolical, layout_caves, serial_shops, shop,
          nicolae_orc_pool_cavern

Skill      XL: |  1  2  3  4  5  6  7  8  9 10 11 12 13 14 15 |
---------------+----------------------------------------------+-----
Spellcasting   | 3 4 5 8 9 10 11 12 13 | 13.1
Conjurations   | 5 6 7 9 10 11 12 13 14 | 14.6
Fighting       | 1 2 4 8 9 10 11 12 14 | 14.7
Dodging        | 2 6 7 8 9 10 11 12 | 12.1
Translocations | 2 5 6 7 |  7.1
Stealth        | 2 |  2.0
Shields        | 4 |  4.0
Air Magic      | 3 6 |  6.2

Action                   |  1- 3 |  4- 6 |  7- 9 | 10-12 | 13-15 || total
-------------------------+-------+-------+-------+-------+-------++-------
Melee: Unarmed           |    28 |    19 |       |       |       ||    47
       Tailslap          |     1 |     2 |     5 |    23 |    30 ||    61
       Spear             |       |       |    54 |   193 |   171 ||   418
       Hand axe          |       |       |    11 |       |       ||    11
       Punch             |       |       |       |     3 |     1 ||     4
 Cast: Magic Dart        |    63 |   104 |    73 |    84 |   108 ||   432
       Searing Ray       |     2 |     9 |    27 |    42 |    19 ||    99
       Iskenderun's Myst |       |       |       |   231 |   404 ||   635
       Lightning Bolt    |       |       |       |       |   204 ||   204
       Iskenderun's Batt |       |       |       |       |     2 ||     2
 Abil: Breathe Lightning |       |       |     6 |       |     2 ||     8
Evoke: Wand              |       |       |       |     5 |       ||     5
  Use: Scroll            |     5 |       |     6 |     7 |     3 ||    21
       Potion            |       |     2 |     1 |     1 |     2 ||     6
 Stab: Sleeping          |       |       |     3 |     4 |     2 ||     9
       Distracted        |       |       |       |     2 |       ||     2
Armor: Skin              |    13 |    25 |    33 |    72 |    96 ||   239
Dodge: Dodged            |    12 |    39 |    62 |   239 |   242 ||   594
Block: Buckler           |       |       |       |       |    72 ||    72

Table legend: (Time is in decaauts)
 A = Elapsed time spent in this place.
 B = Non-inter-level travel time spent in this place.
 C = Inter-level travel time spent in this place.
 D = Time resting spent in this place.
 E = Time spent auto-exploring this place.
 F = Levels seen in this place.
 G = Mean time per level.
                   A        B        C        D        E       F      G
               +--------+--------+--------+--------+--------+-----+--------+
         Total |  31950 |  30213 |   1737 |    948 |  23405 |  27 | 1183.3 |
       Dungeon |  17190 |  15967 |   1223 |    623 |  12395 |  13 | 1322.3 |
        Temple |    192 |    192 |      0 |      0 |     58 |   1 |  192.0 |
          Lair |   8604 |   8368 |    236 |    289 |   6558 |   6 | 1434.0 |
  Orcish Mines |   3095 |   2818 |    277 |     36 |   2299 |   2 | 1547.5 |
         Abyss |     25 |     25 |      0 |      0 |      0 |   1 |   25.0 |
         Sewer |    448 |    448 |      0 |      0 |    392 |   1 |  448.0 |
       Ossuary |    465 |    465 |      0 |      0 |    391 |   1 |  465.0 |
      Ice Cave |   1338 |   1338 |      0 |      0 |   1008 |   1 | 1338.0 |
      Gauntlet |    587 |    587 |      0 |      0 |    304 |   1 |  587.0 |
               +--------+--------+--------+--------+--------+-----+--------+

Top non-repeatable levels by time:
   Orc:2: 2539 daAuts
    D:12: 2360 daAuts
  Lair:6: 2089 daAuts
     D:9: 2005 daAuts
     D:7: 1537 daAuts
  Lair:1: 1527 daAuts
     D:1: 1457 daAuts
     D:2: 1425 daAuts
     D:3: 1424 daAuts
  Lair:3: 1424 daAuts
     D:4: 1369 daAuts
  Lair:2: 1359 daAuts
   IceCv: 1338 daAuts
     D:5: 1214 daAuts
    D:10: 1200 daAuts
